 Dungeon Crawl Stone Soup version 0.30-b1-2-g02819fbbbe (webtiles) character file.

Game seed: 14920686547232524195

83 manyhoops the Digger (level 4, -4/24 (33) HPs)
             Began as a Demigod Earth Elementalist on Nov 21, 2023.
             Frozen to death by an endoplasm (5 damage)
             ... on level 2 of the Dungeon.
             The game lasted 00:02:43 (1767 turns).

manyhoops the Digger (Demigod Earth Elementalist)   Turns: 1767, Time: 00:02:45

HP:   -4/24 (33)    AC:  3    Str:  9    XL:     4   Next: 2%
MP:   2/11          EV: 12    Int: 21    God:
Gold: 76            SH:  0    Dex: 14    Spells: 2/8 levels left

rFire   . . .        h - +1 dagger
rCold   . . .        (no shield)
rNeg    . . .        a - +0 robe
rPois   .            (no helmet)
rElec   .            k - +0 cloak
rCorr   .            (no gloves)
SInv    .            (no boots)
Will    .....        (no amulet)
Stlth   ++           (no ring)
HPRegen 0.24/turn    (no ring)
MPRegen 0.12/turn

%: no passive effects
@: very heavily drained
A: high MP 1, forlorn, divine attributes
a: no special abilities


You were on level 2 of the Dungeon.
You visited 1 branch of the dungeon, and saw 3 of its levels.

You collected 76 gold pieces.

Inventory:

Hand Weapons
 h - a +1 dagger (weapon)
Armour
 a - a +0 robe (worn)
 k - a +0 cloak (worn)
Scrolls
 e - a scroll of vulnerability
 g - a scroll of magic mapping {unknown}
 i - a scroll of torment {unknown}
 j - a scroll of identify {unknown}
 l - a scroll of noise {unknown}
 o - a scroll of teleportation {unknown}
 p - a scroll of poison {unknown}
Potions
 b - a potion of magic
 d - a potion of invisibility {unknown}
 m - 3 potions of brilliance {unknown}
 n - a potion of curing {unknown}


   Skills:
 - Level 1.7 Dodging
 - Level 1.7 Stealth
 + Level 2.9 Spellcasting
 - Level 0.8 Transmutations
 + Level 3.8 Earth Magic


You had 2 spell levels left.
You knew the following spells:

 Your Spells              Type           Power      Damage    Failure   Level
a - Sandblast             Erth           38%        2d10      2%          1
b - Passwall              Tmut/Erth      10%        N/A       8%          2
c - Stone Arrow           Conj/Erth      22%        3d8       19%         3

Your spell library contained the following spells:

 Spells                   Type           Power      Damage    Failure   Level
 Shock                    Conj/Air       12%        1d3       14%         1
 Swiftness                Air            3%         N/A       38%         3
 Petrify                  Tmut/Erth      12%        N/A       45%         4
 Airstrike                Air            1%         2d(1-17)  80%         4


Dungeon Overview and Level Annotations

Branches:
Dungeon (3/15)


Innate Abilities, Weirdness & Mutations

You have an increased reservoir of magic. (+10% MP)
You shall have no god before yourself.
Your divine heritage dramatically boosts your attributes as you level up.


Message History

There is a stone staircase leading up here.
The endoplasm freezes you.
You are frozen.
The orc priest mumbles some strange prayers to Beogh against you.
Pain shoots through your body!
You climb upwards.
There is a stone staircase leading down here.
Casting: Sandblast (safe; 2% risk of failure)
Confirm with . or Enter, or press ? or * to list all spells.
Aiming: Sandblast (safe; 2% risk of failure)
Press: ? - help, Shift-Dir - straight line, f - orc priest
Aim: an orc priest, wielding a +1 hand axe of draining and wearing a +0 chain mail (lightly wounded, 87% to hit)
The blast of sand hits the orc priest but does no damage.
The orc priest is lightly wounded.
The orc priest barely misses you. The endoplasm freezes you.
You are frozen.
Okay, then.
Casting: Sandblast (safe; 2% risk of failure)
Confirm with . or Enter, or press ? or * to list all spells.
Aiming: Sandblast (safe; 2% risk of failure)
Press: ? - help, Shift-Dir - straight line, f/p - orc priest
Aim: an orc priest, wielding a +1 hand axe of draining and wearing a +0 chain mail (lightly wounded, 87% to hit)
The blast of sand hits the orc priest but does no damage.
The orc priest is lightly wounded.
The orc priest barely misses you. The endoplasm hits you.
The orc priest barely misses you. The endoplasm freezes you.
You are frozen.
* * * LOW HITPOINT WARNING * * *
Okay, then.
As you read the scroll labelled ZANEUP JAPNI BASY, it crumbles to dust.
It is a scroll of enchant weapon.
Your +0 dagger glows red for a moment.
The orc priest hits you with a +1 hand axe of draining.
* * * LOW HITPOINT WARNING * * *
You feel drained. The endoplasm freezes you.
You are frozen.
You die...

########..# ##.###..# #.# #.#. #
#..#####.#.##..###.## #.#. ###
#.......###.........# #.#. ..#
#.######.#..##.##...# #.#. #.#
#.#######.#....##...###.#. #.#
#....................##.#.
#.##############.#....##.......#.
........# #o#.##.##.......#.
#.#####.# #@#...............
..#####.# #J########....†.##
........# #.# #..<..... ...######
#.# ###.##### .#.## #.# #.# ....#
#.# #.#### .#..# #.# #....#
)...############.# ####.#
.................# #.#


You could see an orc priest and an endoplasm.

Vanquished Creatures
  A gnoll (D:2)
  4 adders (D:2)
  7 endoplasms
  2 giant cockroaches
  3 hobgoblins
  A quokka (D:1)
  4 ball pythons
  2 frilled lizards
  3 goblins
  7 kobolds
  2 rats (D:1)
36 creatures vanquished.

Notes
Turn   | Place    | Note
-------+----------+-------------------------------------------
     0 | D:1      | manyhoops the Demigod Earth Elementalist began the quest
                  | for the Orb.
     0 | D:1      | Reached XP level 1. HP: 14/14 MP: 5/5
   287 | D:1      | Reached skill level 3 in Earth Magic
   419 | D:1      | Reached XP level 2. HP: 18/20 MP: 2/7
   822 | D:2      | Reached XP level 3. HP: 26/26 MP: 3/9
  1097 | D:2      | Learned a level 2 spell: Passwall
  1101 | D:2      | Learned a level 3 spell: Stone Arrow
  1625 | D:2      | Reached XP level 4. HP: 15/33 MP: 7/11
  1755 | D:3      | HP: 1/29 [orc priest/+1 hand axe of draining (1)]
  1767 | D:2      | HP: 1/25 [orc priest/+1 hand axe of draining (6)]
  1767 | D:2      | Frozen to death by an endoplasm

Illustrated notes

Levels and vault maps discovered:
D:1:      dpeg_arrival_round_c, layout_rooms
D:2:      layout_loops_ring, basic_altar
D:3:      layout_loops_ring

Skill      XL: |  1 |
---------------+----+-----
Spellcasting   | 2 |  2.9
Earth Magic    | 3 |  3.8
Dodging        | |  1.7
Stealth        | |  1.7
Transmutations | |  0.8

Action                     |  1- 3 |  4- 6 || total
---------------------------+-------+-------++-------
  Melee: Dagger            |     1 |       ||     1
   Cast: Sandblast         |    62 |    14 ||    76
    Use: Scroll            |     1 |     1 ||     2
         Potion            |       |     2 ||     2
 Armour: Robe              |    10 |     3 ||    13
  Dodge: Dodged            |    22 |    21 ||    43
